 Dungeon Crawl Stone Soup version 0.17-a0-1882-g750edc8 (webtiles) character file.

4086 Gaunah the Carver (level 10, -1/83 HPs)
             Began as a Formicid Fighter on Sept 21, 2015.
             Was a Priest of the Shining One.
             Slain by a seven-headed hydra (10 damage)
             ... on level 8 of the Dungeon.
             The game lasted 00:32:17 (6778 turns).

Gaunah the Carver (Formicid Fighter)                Turns: 6778, Time: 00:32:18

Health: -1/83      AC: 14    Str: 23    XL:     10   Next: 50%
Magic:  0/10       EV: 10    Int:  8    God:    the Shining One [***...]
Gold:   318        SH: 10    Dex: 13    Spells: 0 memorised, 9 levels left

rFire  + + .     SeeInvis +     I - +1 long sword (holy)
rCold  x . .     Clarity  .     r - +1 fire dragon armour
rNeg   + + .     SustAt   .     c - +0 shield
rPois  .         Gourm    .     (helmet unavailable)
rElec  +         Spirit   +     w - +0 cloak {+Inv}
rCorr  .         Warding  .     (no gloves)
rMut   .         Stasis   +     u - +1 pair of boots
MR     +....                    H - amulet of guardian spirit
Stlth  ..........               A - ring of positive energy
                                p - ring "Ynomoghisaq" {+/*Tele rElec Str+2 Stlth-}

@: glowing, somewhat resistant to hostile enchantments, extremely unstealthy
A: permanent stasis, dig shafts and tunnels, four strong arms, antennae 3
a: Dig, Shaft Self, Divine Shield, Renounce Religion, Evoke Invisibility, Evoke
Teleportation


You were on level 8 of the Dungeon.
You worshipped the Shining One.
The Shining One was most pleased with you.
You were very hungry.

You visited 2 branches of the dungeon, and saw 9 of its levels.
You also visited: Sewer.

You collected 318 gold pieces.

Inventory:

Hand weapons
 I - a +1 long sword of holy wrath (weapon)
Armour
 c - a +0 shield (worn)
 r - a +1 fire dragon armour (worn)
 u - a +1 pair of boots (worn)
 w - a +0 cloak of invisibility (worn)
Jewellery
 b - an uncursed ring of sustain attributes
 k - an uncursed ring of fire
 p - the ring "Ynomoghisaq" (left hand) {+/*Tele rElec Str+2 Stlth-}
   (You found it on level 7 of the Dungeon)

   [ring of teleportation]

   It may teleport you to nearby monsters, and can be evoked to randomly
   teleport.
   It affects your strength (+2).
   It insulates you from electricity.
   It makes you less stealthy.
 A - a ring of positive energy (right hand)
 H - an amulet of guardian spirit (around neck)
Magical devices
 a - a wand of paralysis (7)
 y - a wand of fireball (10)
 D - a wand of cold (8)
Scrolls
 n - 3 scrolls of amnesia
 v - 3 scrolls of remove curse
 x - a scroll of fear
 F - 3 scrolls of identify
 J - a scroll of recharging
Potions
 d - a potion of might
 f - a potion of heal wounds
 i - 2 potions of curing
 j - 3 potions of invisibility
 m - a potion of haste
 o - 2 potions of lignification
 t - a potion of degeneration {unknown}
 z - a potion of agility {unknown}
 C - a potion of brilliance {unknown}
 E - 2 potions of magic {unknown}
 G - a potion of flight {unknown}
Books
 g - a book of Death

   Spells                             Type                      Level
   a - Corpse Rot                     Necromancy                   2
   b - Sublimation of Blood           Necromancy                   2
   c - Agony                          Necromancy                   5
   d - Dispel Undead                  Necromancy                   5
   e - Excruciating Wounds            Charms/Necromancy            5
   f - Bolt of Draining               Conjuration/Necromancy       5
   The Shining One disapproves of the use of such an item.
Miscellaneous
 B - a plain deck of destruction
Comestibles
 e - 5 bread rations
 h - a beef jerky
 l - 3 meat rations
 q - 7 slices of pizza
 s - 19 fruits


   Skills:
 + Level 9.1 Fighting
 - Level 10.1 Long Blades
 - Level 5.2 Armour
 + Level 4.4 Dodging
 - Level 5.8 Shields


You had 9 spell levels left.
You didn't know any spells.

Dungeon Overview and Level Annotations

Branches:
Dungeon (8/15)             Temple (1/1) D:5
   Lair: D:8-11

Altars:
Ashenzari
Cheibriados
Dithmenos
Elyvilon
Fedhas
Gozag
Kikubaaqudgha
Makhleb
Nemelex Xobeh
Qazlal
Ru
Sif Muna
Vehumet
Xom
Yredelemnul
Zin
The Shining One

Shops:
D:4 =


Innate Abilities, Weirdness & Mutations

You are under a permanent stasis effect.
You can dig through walls and to a lower floor.
Your four strong arms can wield two-handed weapons with a shield.
You have a pair of large antennae on your head (SInv).


Message History

Drink which item? (? for menu, Esc to quit)
You feel much better. The seven-headed hydra bites you.
* * * LOW HITPOINT WARNING * * *
The seven-headed hydra bites you.
* * * LOW HITPOINT WARNING * * *
The seven-headed hydra barely misses you.
You block the seven-headed hydra's attack.
The seven-headed hydra bites you but does no damage.
You block the seven-headed hydra's attack.
The seven-headed hydra bites you!
* * * LOW HITPOINT WARNING * * *
Drink which item? (? for menu, Esc to quit)
You feel much better. The seven-headed hydra bites you!
You block the seven-headed hydra's attack.
The seven-headed hydra bites you.
* * * LOW HITPOINT WARNING * * *
The seven-headed hydra bites you!
* * * LOW HITPOINT WARNING * * *
The seven-headed hydra bites you!
You die...

... { ..{ #### # { #.>#
########..###
...)##......############
...)))........#.....#..#
.#######..###.#≈....'..#
..# #..# #†#..P..'..#
..# #### #.)≈@DK.'..#
..# ###.....#..# .##
#≈.P≈P##'# ).#
#P≈≈≈≈#.%# #(###
#PP≈P.+).# #...###
########## ###...# ###.#
###.# #...# #.# #.###


You could see a seven-headed hydra and a big kobold.

Vanquished Creatures
  The ghost of DecibelRebel the Cleaver, an experienced HOFi of Okawaru (D:7)
  Grinder (D:4)
  2 yaks (D:8)
  The ghost of Gaunah the Slasher, an average FoFi (D:3)
  A hippogriff (D:7)
  A soldier ant (D:6)
  Purgy (Sewer)
  A sky beast (D:6)
  An ice beast (D:3)
  An ogre (D:7)
  3 centaurs
  A phantom (D:6)
  2 big kobolds (D:8)
  7 giant frogs
  A scorpion (D:8)
  6 wights (D:8)
  2 crimson imps
  3 hounds
  2 jellies (D:8)
  Crazy Yiuf (D:3)
  2 orc priests
  Ijyb (D:2)
  7 orc wizards
  6 iguanas
  6 worker ants
  2 sheep (D:8)
  A hound skeleton (D:7)
  4 gnolls (D:6)
  13 adders
  4 shadow imps
  2 oozes
  2 adder skeletons
  A worm (D:6)
  4 giant geckos
  15 orcs
  8 bats
  12 giant cockroaches
  5 goblins
  5 hobgoblins
  17 jackals
  3 quokkas
  2 ball pythons
  A giant newt (D:2)
  10 kobolds
  A quokka skeleton (D:3)
  11 rats
184 creatures vanquished.

Notes
Turn   | Place    | Note
--------------------------------------------------------------
     0 | D:1      | Gaunah the Formicid Fighter began the quest for the Orb.
     0 | D:1      | Reached XP level 1. HP: 18/18 MP: 1/1
   145 | D:1      | Reached XP level 2. HP: 22/24 MP: 2/2
   616 | D:2      | Reached XP level 3. HP: 29/29 MP: 3/3
   833 | D:2      | Noticed Ijyb
   851 | D:2      | Killed Ijyb
   851 | D:2      | Reached skill level 4 in Long Blades
   851 | D:2      | Reached XP level 4. HP: 31/35 MP: 4/4
   903 | D:2      | Found a glowing golden altar of the Shining One.
   910 | D:2      | Became a worshipper of the Shining One
  1354 | D:3      | Noticed Gaunah's ghost (average FoFi)
  1916 | D:3      | Killed Gaunah's ghost
  1916 | D:3      | Reached skill level 6 in Long Blades
  1916 | D:3      | Reached XP level 5. HP: 17/41 MP: 5/5
  1916 | D:3      | Reached XP level 6. HP: 19/47 MP: 6/6
  2294 | D:3      | Found a sacrificial altar of Ru.
  2411 | D:3      | Noticed an ice beast
  2426 | D:3      | Killed an ice beast
  2426 | D:3      | Reached XP level 7. HP: 40/52 MP: 7/7
  2444 | D:3      | Noticed Crazy Yiuf
  2451 | D:3      | Killed Crazy Yiuf
  2798 | D:4      | Noticed Grinder
  2810 | D:4      | Acquired the Shining One's first power
  2833 | D:4      | Killed Grinder
  2833 | D:4      | Reached skill level 5 in Armour
  2833 | D:4      | Reached skill level 5 in Shields
  2933 | D:4      | Found Juycug's Jewellery Boutique.
  3093 | D:4      | Found a sacrificial altar of Ru.
  3335 | D:4      | Reached XP level 8. HP: 58/58 MP: 8/8
  3474 | D:5      | Entered Level 5 of the Dungeon
  3540 | D:5      | Found a glowing drain.
  3615 | Sewer    | Entered a sewer
  3636 | Sewer    | Noticed Purgy
  3652 | Sewer    | Killed Purgy
  3652 | Sewer    | Reached skill level 7 in Long Blades
  3789 | D:5      | Found a staircase to the Ecumenical Temple.
  3801 | Temple   | Entered the Ecumenical Temple
  4887 | D:6      | Reached skill level 5 in Fighting
  4887 | D:6      | Reached skill level 8 in Long Blades
  4920 | D:6      | Reached XP level 9. HP: 46/68 MP: 9/9
  5234 | D:6      | Reached skill level 9 in Long Blades
  5336 | D:6      | Acquired the Shining One's second power
  5426 | D:7      | Got a vibrating steel ring
  5427 | D:7      | Noticed DecibelRebel's ghost (experienced HOFi)
  5450 | D:6      | Identified the ring "Ynomoghisaq" {+/*Tele rElec Str+2 Stlth-} (You found it on level 7 of the Dungeon)
  5574 | D:7      | Found a basalt altar of Yredelemnul.
  5666 | D:7      | Killed DecibelRebel's ghost
  5666 | D:7      | Reached skill level 10 in Long Blades
  6041 | D:7      | Reached skill level 1 in Dodging
  6077 | D:7      | Reached XP level 10. HP: 79/79 MP: 2/10
  6760 | D:8      | Noticed a two-headed hydra
  6772 | D:8      | HP: 4/83 [seven-headed hydra (11)]
  6778 | D:8      | Slain by a seven-headed hydra

Vault maps used:
D:1:      scummos_arrival_simple_fountains
D:2:      nicolae_tso_swordbearing_angel, uniq_iyjb
D:3:      lemuel_crystal_altar, serial_aquarium, aquarium_bridge_square,
          aquarium_window_3, aquarium_window_fake, aquarium_view_2e,
          aquarium_pool_2, first_bread, dk_noncrumbling_4,
          uniq_crazy_yiuf_cottage
D:4:      serial_shops, shop, nicolae_ru_sacrificial_ziggurat, uniq_grinder
D:5:      minmay_temple_entry_trees, gup_sewer_entry_glass,
          minmay_misc_feat_cross
D:7:      yredelemnul_altar_generic
D:8:      hangedman_ranch, tgw_trog
Temple:   minmay_temple_curvy_14
Sewer:    kennysheep_door_sewer

Action                   |  1- 3 |  4- 6 |  7- 9 | 10-12 || total
-------------------------+-------+-------+-------+-------++-------
Melee: Long sword        |   102 |   138 |   344 |   136 ||   720
 Abil: Dig               |       |       |     4 |       ||     4
  Use: Potion            |       |     1 |     1 |     3 ||     5
       Scroll            |       |     5 |    13 |     1 ||    19
  Eat: Chunk             |       |     4 |    10 |     2 ||    16
       Fruit             |       |       |     3 |       ||     3
